 Dungeon Crawl Stone Soup version 0.32-a0-119-g2e8054a333 (webtiles) character file.

Game seed: 14146651435346764094

1327 AquilaWing the Changeling (level 8, -4/74 HPs)
             Began as a Naga Shapeshifter on Feb 7, 2024.
             Slain by an ice beast (8 damage)
             ... on level 6 of the Dungeon.
             The game lasted 00:11:46 (5180 turns).

AquilaWing the Changeling (Naga Shapeshifter)       Turns: 5180, Time: 00:11:46

Health: -4/74      AC:  3    Str: 20    XL:     8   Next: 60%
Magic:  8/8        EV: 10    Int: 10    God:
Gold:   337        SH:  0    Dex: 10    Spells: 7/7 levels left

rFire   . .          .
                       - Unarmed
rCold   . . .        p - orb {*Rage}
rNeg    . . .        a - +0 animal skin
rPois   +            (helmet currently unavailable)
rElec   .            (cloak currently unavailable)
rCorr   .            (gloves currently unavailable)
SInv    +            (no barding)
Will    +....        (no amulet)
Stlth   +            (no ring)
HPRegen 0.32/turn    (no ring)
MPRegen 0.11/turn

%: random rage (20%)
@: beast-form, on berserk cooldown, slowed, very slow
A: beast (slay +4), AC +2, large, see invisible, deformed body, poison
resistance, slowness 2, spit poison 1, naga tail 1
a: Spit Poison, Begin Untransformation


You were on level 6 of the Dungeon.
You were a hulking beast.
You visited 1 branch of the dungeon, and saw 6 of its levels.

You collected 337 gold pieces.

Inventory:

Armour
 a - a +0 animal skin (worn)
 p - an orb of wrath (worn)
 t - a +0 barding
 z - a scarf of harm
 D - +0 ice dragon scales
 E - a +1 cloak
Jewellery
 j - an amulet of faith
Talismans
 c - a beast talisman
 d - a flux talisman
Wands
 u - a wand of flame (11)
 v - a wand of polymorph (10)
Scrolls
 e - 3 scrolls of identify {unknown}
 f - 4 scrolls of revelation
 g - a scroll of enchant weapon {unknown}
 h - 2 scrolls of enchant armour {unknown}
 i - 2 scrolls of immolation {unknown}
 l - 4 scrolls of teleportation
 o - a scroll of blinking {unknown}
 r - a scroll of vulnerability {unknown}
 w - 3 scrolls of poison {unknown}
 x - 2 scrolls of fear {unknown}
 y - 2 scrolls of summoning {unknown}
 B - a scroll of amnesia {unknown}
 C - a scroll of silence {unknown}
 G - a scroll of torment {unknown}
Potions
 b - 3 potions of lignification
 k - a potion of invisibility {unknown}
 m - 2 potions of heal wounds {unknown}
 n - 3 potions of curing
 q - a potion of resistance {unknown}
 s - 2 potions of mutation {unknown}
 A - 2 potions of enlightenment {unknown}
 F - a potion of might {unknown}


   Skills:
 + Level 5.1 Fighting
 - Level 2.1 Dodging
 + Level 5.9 Unarmed Combat
 * Level 7.0 Shapeshifting


You had 7 spell levels left.
You didn't know any spells.
Your spell library contained the following spells:

 Spells                   Type           Power      Damage    Failure   Level
 Magic Dart               Conj           0%         1d3       36%         1
 Blink                    Tloc           0%         N/A       50%         2
 Call Imp                 Summ           0%         N/A       50%         2


Dungeon Overview and Level Annotations

Branches:
Dungeon (6/15)
 Temple: D:4-7

Altars:
Qazlal
Sif Muna
Uskayaw

Shops:
D:5 !


Innate Abilities, Weirdness & Mutations

You are a hulking beast.
Your limbs bulge with bestial killing power. (Slay +4)
Your serpentine skin is tough. (AC +2)
You have supernaturally acute eyesight. (SInv)
Armour fits poorly on your strangely shaped body.
Your system is resistant to poisons. (rPois)
You cover ground very slowly.
You can spit poison.
You have a snake-like lower body.


Message History

You hit the ogre.
The ogre is lightly wounded.
The ogre hits you with a +0 giant club!
You punch the ogre!
The ogre is heavily wounded.
The ogre hits you with a +0 giant club!
A bombardier beetle comes into view.
You barely miss the ogre.
The ogre is heavily wounded.
The ogre hits you with a +0 giant club!!!
* * * LOW HITPOINT WARNING * * *
You are too injured to fight recklessly!
You are too injured to fight recklessly!
You are too injured to fight recklessly!
You are too injured to fight recklessly!
You are too injured to fight recklessly!
You are too injured to fight recklessly!
You are too injured to fight recklessly!
You are too injured to fight recklessly!
You are too injured to fight recklessly!
You are too injured to fight recklessly!
You barely miss the ogre.
The ogre is heavily wounded.
You punch the ogre!
The ogre is severely wounded.
The ogre barely misses you.
The ice beast hits you but does no damage.
You hit the ogre.
The ogre is almost dead.
The ogre barely misses you. The ice beast hits you.
* * * LOW HITPOINT WARNING * * *
The ice beast freezes you!
* * * LOW HITPOINT WARNING * * *
The ice beast hits you but does no damage.
You punch the ogre!
You kill the ogre!
The ice beast hits you.
* * * LOW HITPOINT WARNING * * *
The ice beast freezes you!
You die...

...#.>..#........#..
...#.......#.....##.
.
.................###
..
.....####.........#
...
##...#.#..#.....###
....
#..#......###.###
#..B.#..#.......####
#.....Y.........#
#.)h.......##
#...!......#
..............#
..........#....#
.#......###...##
#....... ##..#
...#..... ..#
..##..... ... ....#
...


You could see an ice beast and a bombardier beetle.

Vanquished Creatures
  An ice beast (D:6)
  A black bear (D:5)
  An ogre (D:6)
  2 phantoms (D:4)
  A kobold brigand (D:5)
  4 scorpions
  2 orc priests
  7 hounds
  Crazy Yiuf (D:2)
  2 sleepcaps
  Jessica (D:2)
  3 orc wizards
  Terence (D:3)
  2 iguanas (D:5)
  Robin (D:4)
  An adder (D:4)
  2 ufetubi (D:6)
  A ribbon worm (D:5)
  2 dart slugs (D:4)
  24 orcs
  8 ball pythons
  2 bats
  8 endoplasms
  2 giant cockroaches
  6 goblins
  8 hobgoblins
  8 jackals
  6 quokkas
  4 frilled lizards
  11 kobolds
  6 rats
129 creatures vanquished.

Vanquished Creatures (others)
  A goblin (D:4)
1 creature vanquished.

Grand Total: 130 creatures vanquished

Notes
Turn   | Place    | Note
-------+----------+-------------------------------------------
     0 | D:1      | AquilaWing the Naga Shapeshifter began the quest for the
                  | Orb.
     0 | D:1      | Reached XP level 1. HP: 18/18 MP: 1/1
   215 | D:1      | Reached XP level 2. HP: 21/25 MP: 2/2
  1032 | D:2      | Reached XP level 3. HP: 25/31 MP: 3/3
  1082 | D:2      | Noticed Jessica
  1088 | D:2      | Killed Jessica
  1250 | D:2      | Found a runed translucent door.
  1251 | D:2      | Noticed Crazy Yiuf
  1261 | D:2      | Killed Crazy Yiuf
  1262 | D:2      | Reached XP level 4. HP: 39/39 MP: 4/4
  1264 | D:2      | Identified the +7 hammer of the Dungeon {pain, *Slow rF+
                  | Dex+2}
  1812 | D:3      | Found a shimmering blue altar of Sif Muna.
  2276 | D:3      | Noticed Terence
  2323 | D:3      | Killed Terence
  2324 | D:3      | Reached XP level 5. HP: 24/46 MP: 5/5
  2519 | D:4      | Noticed a +0 short sword
  2565 | D:4      | Reached skill level 4 in Shapeshifting
  2738 | D:4      | Noticed a +0 falchion
  2738 | D:4      | Noticed a +0 dagger
  2739 | D:4      | Noticed a +0 short sword
  2739 | D:4      | Noticed a +0 spear
  2740 | D:4      | Noticed a +0 spear
  2740 | D:4      | Noticed a +0 dagger
  2741 | D:4      | Noticed a +0 falchion
  2751 | D:4      | Reached XP level 6. HP: 56/56 MP: 6/6
  2820 | D:4      | Found a hide-covered altar of Uskayaw.
  2944 | D:4      | Noticed Robin
  2955 | D:4      | Killed Robin
  3330 | D:4      | Found a stormy altar of Qazlal.
  3339 | D:4      | Reached skill level 5 in Shapeshifting
  3339 | D:4      | Reached XP level 7. HP: 63/63 MP: 7/7
  3536 | D:5      | Entered Level 5 of the Dungeon
  3657 | D:5      | Reached skill level 5 in Unarmed Combat
  4000 | D:5      | Found Ladeazaku's Distillery.
  4077 | D:5      | Reached skill level 6 in Shapeshifting
  4188 | D:5      | Reached XP level 8. HP: 73/73 MP: 8/8
  5035 | D:6      | Reached skill level 5 in Fighting
  5162 | D:6      | Reached skill level 7 in Shapeshifting
  5180 | D:6      | Slain by an ice beast

Illustrated notes

Levels and vault maps discovered:
D:1:      minmay_arrival_floating_metal, layout_loops_cross,
          serial_bayou_pond_b, nicolae_eternal_life
D:2:      layout_loops_ring, minmay_misc_feat_five, uniq_crazy_yiuf_cottage,
          uniq_jessica
D:3:      layout_loops_ring, mainiacjoe_overflow_cross_hatched,
          nicolae_the_louvre, uniq_terence
D:4:      layout_basic, nicolae_qazlal_scattered_showers,
          nicolae_uskayaw_en_pointe, grunt_ministairs_14, minmay_unequal,
          uniq_robin
D:5:      layout_rooms, serial_co_window_serial, co_window_of_opportunity_a,
          co_window_paths_a, co_window_of_opportunity_a, co_window_paths_b,
          co_window_cross_1, co_window_broadway_c, co_window_2corner,
          co_window_corner_cb, co_window_4corner_b, glass_columns_a,
          serial_shops, nicolae_shop_industrial_runoff
D:6:      layout_cave_pools, makhleb_altar_promises_db, zin_purify,
          mainiacjoe_overflow_paths

Skill      XL: |  1  2  3  4  5  6  7  8 |
---------------+-------------------------+-----
Dodging        | 2 |  2.1
Fighting       | 2 3 4 5 |  5.1
Unarmed Combat | 4 5 |  5.9
Shapeshifting  | 4 5 6 7 |  7.0

Action                     |  1- 3 |  4- 6 |  7- 9 || total
---------------------------+-------+-------+-------++-------
  Melee: Unarmed           |    84 |   161 |   145 ||   390
         Punch             |     1 |       |       ||     1
Ability: Spit Poison       |     3 |     2 |     1 ||     6
    Use: Scroll            |       |       |     2 ||     2
         Potion            |       |       |     2 ||     2
 Armour: Animal skin       |    44 |    96 |   125 ||   265
         Skin              |       |     4 |       ||     4
  Dodge: Dodged            |    35 |    78 |    99 ||   212

Table legend: (Time is in decaauts)
 A = Elapsed time spent in this place.
 B = Non-inter-level travel time spent in this place.
 C = Inter-level travel time spent in this place.
 D = Time resting spent in this place.
 E = Time spent auto-exploring this place.
 F = Levels seen in this place.
 G = Mean time per level.
                   A        B        C        D        E       F      G
               +--------+--------+--------+--------+--------+-----+--------+
         Total |   6644 |   6500 |    144 |    422 |   5127 |   6 | 1107.3 |
       Dungeon |   6644 |   6500 |    144 |    422 |   5127 |   6 | 1107.3 |
               +--------+--------+--------+--------+--------+-----+--------+

Top non-repeatable levels by time:
     D:5: 1776 daAuts
     D:4: 1363 daAuts
     D:1: 1306 daAuts
     D:2: 1061 daAuts
     D:3: 851 daAuts
     D:6: 285 daAuts
